 Dungeon Crawl Stone Soup version 0.19-b1-3-g7dea586 (webtiles) character file.

35 tv1990 the Chopper (level 3, 0/29 HPs)
             Began as a Formicid Monk on Oct 28, 2016.
             Slain by a gnoll
             ... wielding a +0 flail
              (10 damage)
             ... on level 2 of the Dungeon.
             The game lasted 00:03:10 (1183 turns).

tv1990 the Chopper (Formicid Monk)                  Turns: 1183, Time: 00:03:10

Health: 0/29       AC:  6    Str: 15    XL:     3   Next: 55%
Magic:  3/3        EV: 10    Int:  9    God:
Gold:   78         SH:  4    Dex: 14    Spells: 0 memorised, 2 levels left

rFire  . . .     SeeInvis +     a - +0 hand axe
rCold  . . .     Gourm    .     d - +0 scale mail
rNeg   . . .     Faith    .     f - +0 buckler
rPois  .         Spirit   .     (helmet unavailable)
rElec  .         Reflect  .     (no cloak)
rCorr  .         Harm     .     (no gloves)
MR     .....                    (no boots)
Stlth  +.........               (no amulet)
                                (no ring)
                                (no ring)

@: no status effects
A: permanent stasis, dig shafts and tunnels, four strong arms, antennae 3
a: Dig, Shaft Self


You were on level 2 of the Dungeon.
You were very hungry.

You visited 1 branch of the dungeon, and saw 2 of its levels.

You collected 78 gold pieces.

Inventory:

Hand Weapons
 a - a +0 hand axe (weapon)
Missiles
 l - 2 steel javelins (quivered)
Armour
 b - a +0 robe
 d - a +0 scale mail (worn)
 e - a +0 ring mail
 f - a +0 buckler (worn)
Scrolls
 i - a scroll of immolation {unknown}
 j - a scroll of recharging {unknown}
 k - a scroll of blinking {unknown}
 n - a scroll of magic mapping {unknown}
 o - a scroll of noise {unknown}
Potions
 g - a potion of cure mutation
 h - 2 potions of flight {unknown}
Comestibles
 c - a bread ration
 m - a meat ration


   Skills:
 - Level 3.2 Fighting
 + Level 3.7 Axes
 - Level 2.6 Dodging
 - Level 2.4 Stealth
 * Level 2.2 Shields


You had 2 spell levels left.
You didn't know any spells.

Dungeon Overview and Level Annotations

Branches:
Dungeon (2/15)

Altars:
Makhleb
Xom


Innate Abilities, Weirdness & Mutations

You are under a permanent stasis effect.
You can dig through walls and to a lower floor.
Your four strong arms can wield two-handed weapons with a shield.
You have a pair of large antennae on your head. (SInv)


Message History

The gnoll is severely wounded.
The gnoll hits you with a flail.
You hit the gnoll but do no damage.
The gnoll is severely wounded.
You are feeling very hungry.
The gnoll hits you with a flail.
You hit the gnoll.
You kill the gnoll!
Your Shields skill increases to level 2!
The gnoll hits you with a flail!
* * * LOW HITPOINT WARNING * * *
You hit the gnoll.
The gnoll is heavily wounded.
The gnoll hits you with a flail.
* * * LOW HITPOINT WARNING * * *
Are you sure you want to shaft yourself?
You feel somewhat more hungry.
You begin to dig a shaft.
You continue digging a shaft.
The gnoll hits you with a flail!
You die...

#..........
###..........
..##..........
#.##.......<..
##.##..........
#..............
###....[.........
##g#.......<......
#@#{{.............
####......#.......
#......#.....##
#.g....#.....#
#g.....#.....#
#......#.....#
##...#########
#.#(# # #...# #


You could see a gnoll.

Vanquished Creatures
  A gnoll (D:2)
  An adder (D:2)
  A dart slug (D:2)
  A goblin (D:2)
  4 hobgoblins
  4 bats
  A frilled lizard (D:1)
  2 kobolds (D:1)
  2 rats
17 creatures vanquished.

Notes
Turn   | Place    | Note
-------+----------+-------------------------------------------
     0 | D:1      | tv1990 the Formicid Monk began the quest for the Orb.
     0 | D:1      | Reached XP level 1. HP: 18/18 MP: 1/1
   331 | D:1      | Reached XP level 2. HP: 20/24 MP: 2/2
   505 | D:1      | Reached skill level 1 in Shields
   844 | D:2      | Reached XP level 3. HP: 14/29 MP: 3/3
  1077 | D:2      | Found a burning altar of Makhleb.
  1081 | D:2      | Found a shimmering altar of Xom.
  1183 | D:2      | Slain by a gnoll

Skill      XL: |  1  2  3 |
---------------+----------+-----
Shields        | 1 2 |  2.2
Fighting       | |  3.2
Axes           | |  3.7
Dodging        | |  2.6
Stealth        | |  2.4

Action                   || total
-------------------------++-------
Melee: Hand axe          ||    71
Throw: Javelin           ||     4
 Abil: Dig               ||     1
       Shaft Self        ||     1
  Use: Scroll            ||     1
Armor: Robe              ||     4
       Ring mail         ||    16
Dodge: Dodged            ||    36
Block: Buckler           ||    13

Table legend:
 A = Turns spent in this place as a percentage of turns spent in the entire game.
 B = Non-inter-level travel turns spent in this place as a percentage of non-inter-level travel turns spent in the entire game.
 C = Inter-level travel turns spent in this place as a percentage of turns spent in this place.
 D = Turns resting spent in this place as a percentage of non-inter-level travel turns spent in this place.
 E = Turns spent auto-exploring this place as a percentage of non-inter-level travel turns spent in this place.
 F = Non-inter-level travel turns spent in this place divided by the number of levels of this place that you've seen.
                   A       B       C       D       E      F
               +-------+-------+-------+-------+-------+----------------------
         Total | 100.0 | 100.0 |   0.3 |   4.4 |  11.5 | 160.5
       Dungeon | 100.0 | 100.0 |   0.3 |   4.4 |  11.5 | 160.5
               +-------+-------+-------+-------+-------+----------------------

Table legend:
 A = Kills in this place as a percentage of kills in entire the game.
 B = Kills by you in this place as a percentage of kills by you in the entire game.
 C = Kills by friends in this place as a percentage of kills by friends in the entire game.
 D = Other kills in this place as a percentage of other kills in the entire game.
 E = Experience gained in this place as a percentage of experience gained in the entire game.
 F = Experience gained in this place divided by the number of levels of this place that you have seen.
                   A       B       C       D       E      F
               +-------+-------+-------+-------+-------+----------------------
         Total | 100.0 | 100.0 |  -nan |  -nan | 100.0 |  25.5
       Dungeon | 100.0 | 100.0 |  -nan |  -nan | 100.0 |  25.5
               +-------+-------+-------+-------+-------+----------------------

Vault maps used:
D:1:      wheals_arrival_linesprint
D:2:      nicolae_overflow_hidden_temple, first_bread
